 Dungeon Crawl Stone Soup version 0.19.0-23-gf02e663 (webtiles) character file.

150 RKaid the Chopper (level 5, -3/46 HPs)
             Began as a Minotaur Fighter on Nov 19, 2016.
             Slain by RKaid's ghost (16 damage)
             ... on level 4 of the Dungeon.
             The game lasted 00:01:57 (2491 turns).

RKaid the Chopper (Minotaur Fighter)                Turns: 2491, Time: 00:01:58

Health: -3/46      AC:  9    Str: 21    XL:     5   Next: 10%
Magic:  4/4        EV:  7    Int:  5    God:
Gold:   126        SH:  9    Dex: 10    Spells: 0 memorised, 4 levels left

rFire  . . .     SeeInvis .     a - +0 war axe
rCold  . . .     Gourm    .     b - +0 scale mail
rNeg   . . .     Faith    .     c - +0 shield
rPois  .         Spirit   .     (helmet restricted)
rElec  .         Reflect  .     r - +0 cloak
rCorr  .         Harm     .     y - +0 pair of gloves
MR     .....                    (no boots)
Stlth  ..........               (no amulet)
                                (no ring)
                                (no ring)

@: no status effects
A: retaliatory headbutt, horns 2
a: no special abilities


You were on level 4 of the Dungeon.
You were not hungry.

You visited 1 branch of the dungeon, and saw 4 of its levels.

You collected 126 gold pieces.

Inventory:

Hand Weapons
 a - a +0 war axe (weapon)
Armour
 b - a +0 scale mail (worn)
 c - a +0 shield (worn)
 r - a +0 cloak (worn)
   (You found it on level 2 of the Dungeon)
 y - a +0 pair of gloves (worn)
   (You found it on level 3 of the Dungeon)
Jewellery
 e - a +6 ring of dexterity {unknown}
   (You found it on level 1 of the Dungeon)
Scrolls
 j - a scroll of remove curse {unknown}
 l - 3 scrolls of teleportation {unknown}
 m - 2 scrolls of amnesia {unknown}
 s - a scroll of fear {unknown}
 v - a scroll of magic mapping {unknown}
 w - a scroll of random uselessness {unknown}
 z - a scroll of recharging {unknown}
Potions
 d - a potion of might
 g - 2 potions of magic {unknown}
 i - a potion of invisibility {unknown}
 k - 2 potions of curing {unknown}
 n - 3 potions of flight {unknown}
 o - a potion of resistance {unknown}
 t - a potion of brilliance {unknown}
 u - a potion of heal wounds {unknown}
Comestibles
 f - 2 bread rations
 h - a slice of pizza
 p - 4 meat rations
 q - 3 fruits
 x - 3 chunks of flesh


   Skills:
 - Level 3.7 Fighting
 + Level 6.4 Axes
 - Level 3.6 Armour
 - Level 3.6 Shields


You had 4 spell levels left.
You didn't know any spells.

Dungeon Overview and Level Annotations

Branches:
Dungeon (4/15)
 Temple: D:4-7

Altars:
Fedhas
Qazlal

Annotations:
D:4 RKaid's ghost, amateur MiFi


Innate Abilities, Weirdness & Mutations

You reflexively headbutt those who attack you in melee.
You have a pair of horns on your head.


Message History

You butcher the worm corpse.
x - 10 chunks of flesh (gained 3)
You now have 126 gold pieces (gained 8).
There is a stone staircase leading down here.
A hobgoblin comes into view. It is wielding a club.
The hobgoblin shouts!
A hobgoblin is nearby!
A hobgoblin is nearby!
A hobgoblin is nearby!
A hobgoblin is nearby!
You slash the hobgoblin!
You kill the hobgoblin!
Things that are here:
a club; a hobgoblin corpse No target in view!
No target in view!
You butcher the hobgoblin corpse.
x - 13 chunks of flesh (gained 3)
You see here a club. x2
A goblin comes into view. It is wielding a club.
The goblin shouts!
A goblin is nearby!
A goblin is nearby!
A goblin is nearby!
A goblin is nearby!
You slash the goblin!
You kill the goblin!
You see here a club.
Some of the chunks of flesh in your inventory have rotted away.
Found a stone staircase leading up.
No target in view!
There is a stone staircase leading up here.
Some of the chunks of flesh in your inventory have rotted away.
A hobgoblin comes into view. It is wielding a club.
A hobgoblin is nearby!
A hobgoblin is nearby!
You are feeling hungry.
The hobgoblin hits you but does no damage.
You barely miss the hobgoblin. The hobgoblin barely misses you.
You hit the hobgoblin.
You kill the hobgoblin!
No target in view!
No target in view!
Eating one of 7 chunks of flesh.
You start eating one of the 7 chunks of flesh.
This raw flesh tastes terrible.
Things that are here:
a club; a hobgoblin corpse You butcher the hobgoblin corpse.
x - 9 chunks of flesh (gained 3)
You see here a club. x2
Some of the chunks of flesh in your inventory have rotted away.
Some of the chunks of flesh in your inventory have rotted away.
A quokka comes into view.
A quokka is nearby!
A quokka is nearby!
A quokka is nearby!
A quokka is nearby!
A quokka is nearby!
The quokka bites you but does no damage.
You block the quokka's attack.
You closely miss the quokka. The quokka barely misses you.
You furiously retaliate!
You headbutt the quokka!
You kill the quokka!
No target in view!
Done exploring.
Done exploring.
Done exploring.
Done exploring.
Done exploring.
Done exploring.
Done exploring.
There is a stone staircase leading down here.
You climb downwards.
RKaid's ghost (amateur Minotaur Fighter) comes into view.
RKaid's ghost turns its malevolent gaze towards you.
Found 19 gold pieces and 21 stones.
Found an escape hatch in the floor.
There is a stone staircase leading up here.
RKaid's ghost is nearby!
RKaid's ghost is nearby!
RKaid's ghost is nearby!
You slash RKaid's ghost! You headbutt RKaid's ghost. RKaid's ghost hits you. x2
You hit RKaid's ghost.
You headbutt RKaid's ghost, but do no damage.
RKaid's ghost hits you.
You hit RKaid's ghost. RKaid's ghost hits you.
You slash RKaid's ghost! You headbutt RKaid's ghost. RKaid's ghost hits you!
You block RKaid's ghost's attack.
You barely miss RKaid's ghost. RKaid's ghost barely misses you.
You furiously retaliate!
You headbutt RKaid's ghost, but do no damage.
You hit RKaid's ghost. Your headbutt misses RKaid's ghost.
RKaid's ghost hits you but does no damage.
You closely miss RKaid's ghost. You headbutt RKaid's ghost.
RKaid's ghost hits you.
You hit RKaid's ghost but do no damage. RKaid's ghost barely misses you.
You hit RKaid's ghost but do no damage. RKaid's ghost hits you.
* * * LOW HITPOINT WARNING * * *
You closely miss RKaid's ghost. RKaid's ghost hits you!
You die...

#...#+####
##...#....##
#..........#
#..........#
#..>.......#
...........#
#..........#
#......<...#
#.......@..#
#.$.....W..#
#..(.......#
#..........#
#..........#
############


You could see RKaid's ghost.

Vanquished Creatures
  3 gnolls
  4 adders
  A shadow imp (D:3)
  2 oozes
  4 worms
  3 leopard geckos
  9 bats
  3 giant cockroaches (D:1)
  3 goblins
  6 hobgoblins
  2 jackals (D:1)
  6 kobolds
  3 quokkas (D:3)
  5 frilled lizards
  3 rats
57 creatures vanquished.

Notes
Turn   | Place    | Note
-------+----------+-------------------------------------------
     0 | D:1      | RKaid the Minotaur Fighter began the quest for the Orb.
     0 | D:1      | Reached XP level 1. HP: 19/19 MP: 0/0
   207 | D:1      | Reached skill level 3 in Axes
   242 | D:1      | Reached XP level 2. HP: 24/27 MP: 1/1
   544 | D:2      | Reached skill level 4 in Axes
   544 | D:2      | Reached XP level 3. HP: 33/33 MP: 2/2
   612 | D:2      | Reached skill level 5 in Axes
   733 | D:2      | Reached XP level 4. HP: 18/40 MP: 3/3
   733 | D:2      | HP: 9/40 [worm (9)]
  1157 | D:3      | Found a stormy altar of Qazlal.
  1161 | D:3      | Found a blossoming altar of Fedhas.
  2030 | D:3      | Reached skill level 6 in Axes
  2077 | D:3      | Reached XP level 5. HP: 34/46 MP: 4/4
  2480 | D:4      | Noticed RKaid's ghost (amateur MiFi)
  2491 | D:4      | Slain by RKaid's ghost

Skill      XL: |  1  2  3  4 |
---------------+-------------+-----
Axes           | 3 4 5 6 |  6.4
Fighting       | |  3.7
Armour         | |  3.6
Shields        | |  3.6

Action                   |  1- 3 |  4- 6 || total
-------------------------+-------+-------++-------
Melee: War axe           |    70 |    73 ||   143
       Headbutt          |     6 |     8 ||    14
  Eat: Chunk             |       |     5 ||     5
Armor: Scale mail        |    36 |    27 ||    63
Dodge: Dodged            |    35 |    14 ||    49
Block: Shield            |    47 |    40 ||    87

Vault maps used:
D:1:      roderic_chinese_lattice_arrival
D:3:      overflow_temple_1_default, lemuel_round_altar, minmay_vboxes
D:4:      first_bread, wad_floor_pattern_1, minmay_gold_behind_fungi

Table legend:
 A = Turns spent in this place as a percentage of turns spent in the entire game.
 B = Non-inter-level travel turns spent in this place as a percentage of non-inter-level travel turns spent in the entire game.
 C = Inter-level travel turns spent in this place as a percentage of turns spent in this place.
 D = Turns resting spent in this place as a percentage of non-inter-level travel turns spent in this place.
 E = Turns spent auto-exploring this place as a percentage of non-inter-level travel turns spent in this place.
 F = Non-inter-level travel turns spent in this place divided by the number of levels of this place that you've seen.
                   A       B       C       D       E      F
               +-------+-------+-------+-------+-------+----------------------
         Total | 100.0 | 100.0 |   0.1 |   2.1 |  13.6 | 166.8
       Dungeon | 100.0 | 100.0 |   0.1 |   2.1 |  13.6 | 166.8
               +-------+-------+-------+-------+-------+----------------------

Table legend:
 A = Kills in this place as a percentage of kills in entire the game.
 B = Kills by you in this place as a percentage of kills by you in the entire game.
 C = Kills by friends in this place as a percentage of kills by friends in the entire game.
 D = Other kills in this place as a percentage of other kills in the entire game.
 E = Experience gained in this place as a percentage of experience gained in the entire game.
 F = Experience gained in this place divided by the number of levels of this place that you have seen.
                   A       B       C       D       E      F
               +-------+-------+-------+-------+-------+----------------------
         Total | 100.0 | 100.0 |  -nan |  -nan | 100.0 |  53.8
       Dungeon | 100.0 | 100.0 |  -nan |  -nan | 100.0 |  53.8
               +-------+-------+-------+-------+-------+----------------------
